[ PARTIDA AOE2 · #458295170 ]
UnrankedPolacos vs Franks
[ ANÁLISIS DE REPETICIÓN · EXTRAÍDO DE LA PARTIDA GRABADA ]
Feudal
10:38
Castillos
—
Imperial
—
| APM promedio | 30.1 |
| APM pico | 64 |
| eAPM promedio | 16.8 |
| Aldeanos / militares | 33 / 5 |
Foco
⚔️ 31.8% · 🌾 68.2%
Fishing Ship ×5 · Galley ×5
Feudal
—
Castillos
—
Imperial
—
| APM promedio | 61.3 |
| APM pico | 96 |
| eAPM promedio | 21.0 |
| Aldeanos / militares | 30 / 0 |
Foco
⚔️ 30.2% · 🌾 69.8%
Fishing Ship ×15
Feudal
—
Castillos
—
Imperial
—
| APM promedio | 45.3 |
| APM pico | 70 |
| eAPM promedio | 20.9 |
| Aldeanos / militares | 33 / 0 |
Foco
⚔️ 29.0% · 🌾 71.0%
Fishing Ship ×17
Feudal
10:01
Castillos
—
Imperial
—
| APM promedio | 30.2 |
| APM pico | 61 |
| eAPM promedio | 17.0 |
| Aldeanos / militares | 20 / 0 |
Foco
⚔️ 14.6% · 🌾 85.4%
Fishing Ship ×4
Feudal
9:46
Castillos
—
Imperial
—
| APM promedio | 52.2 |
| APM pico | 108 |
| eAPM promedio | 17.7 |
| Aldeanos / militares | 20 / 1 |
Foco
⚔️ 38.6% · 🌾 61.4%
Fishing Ship ×6 · Galley ×1
Feudal
10:38
Castillos
—
Imperial
—
| APM promedio | 27.2 |
| APM pico | 51 |
| eAPM promedio | 19.1 |
| Aldeanos / militares | 33 / 0 |
Foco
⚔️ 17.3% · 🌾 82.7%
Fishing Ship ×11
Feudal
11:50
Castillos
—
Imperial
—
| APM promedio | 46.1 |
| APM pico | 81 |
| eAPM promedio | 16.9 |
| Aldeanos / militares | 35 / 0 |
Foco
⚔️ 19.9% · 🌾 80.1%
Fishing Ship ×18
Feudal
11:14
Castillos
—
Imperial
—
| APM promedio | 26.9 |
| APM pico | 41 |
| eAPM promedio | 15.2 |
| Aldeanos / militares | 25 / 0 |
Foco
⚔️ 20.4% · 🌾 79.6%
Fishing Ship ×10
Mapa de la partida
Recursos iniciales + cada clic de construcción. Líneas = muros · curvas = relieve. ◆ oro · ⬟ piedra · ● bayas · ✦ reliquia · ◌ hueco del cierre
Tu base· ✓ Separados por el mapa
Base de Envetel· ✓ Separados por el mapa
Base de Hansdampf· ✓ Separados por el mapa
Base de LM | CoMa· ✓ Separados por el mapa
Base de OIDA | .#sILVER· ✓ Separados por el mapa
Base de TopperHarley14· ✓ Separados por el mapa
Base de Peter_Pahn· ✓ Separados por el mapa
Base de Molle· ✓ Separados por el mapa
Terreno inicial suavizado · ◌ = hueco del cierre detectado · pasá el cursor para detalles
Inputs por minuto
— Buzzplash - - Envetel
Build order — Buzzplash
58 acciones detectadas en el replay
| 0:01 | Crear | Villager (Male) ×4 |
| 0:03 | Construir | House |
| 0:04 | Construir | House |
| 1:24 | Crear | Villager (Male) |
| 1:25 | Crear | Villager (Male) |
| 1:41 | Construir | Lumber Camp |
| 1:54 | Crear | Villager (Male) |
| 1:55 | Crear | Villager (Male) |
| 2:25 | Crear | Villager (Male) |
| 2:25 | Crear | Villager (Male) |
| 2:50 | Crear | Villager (Male) |
| 3:17 | Crear | Villager (Male) |
| 3:17 | Crear | Villager (Male) |
| 3:47 | Crear | Villager (Male) |
| 3:47 | Crear | Villager (Male) |
| 3:49 | Construir | Dock |
| 3:59 | Construir | House |
| 4:19 | Crear | Villager (Male) |
| 4:19 | Crear | Villager (Male) |
| 4:28 | Crear | Fishing Ship |
| 4:28 | Crear | Fishing Ship |
| 4:49 | Crear | Villager (Male) |
| 4:49 | Crear | Villager (Male) |
| 5:07 | Crear | Villager (Male) |
| 5:07 | Crear | Villager (Male) |
| 5:14 | Construir | House |
| 5:21 | Crear | Fishing Ship |
| 5:21 | Crear | Fishing Ship |
| 5:40 | Crear | Villager (Male) |
| 5:40 | Crear | Villager (Male) |
| 5:53 | Crear | Villager (Male) |
| 5:55 | Crear | Fishing Ship |
| 6:20 | Crear | Villager (Male) |
| 6:35 | Crear | Villager (Male) |
| 6:45 | Construir | Mining Camp |
| 6:58 | Construir | House |
| 7:17 | Crear | Villager (Male) |
| 7:54 | Crear | Villager (Male) |
| 8:19 | Investigar | Loom |
| 8:28 | Investigar | Feudal Age |
| 8:28 | Investigar | Feudal Age |
| 8:41 | Construir | Dock |
| 9:03 | Construir | Lumber Camp |
| 9:59 | Construir | Dock |
| 10:16 | Crear | Villager (Male) |
| 10:29 | Construir | House |
| 10:38 | Edad | Edad Feudal |
| 10:40 | Crear | Galley |
| 10:40 | Crear | Galley |
| 11:02 | Crear | Galley |
| 11:07 | Crear | Villager (Male) |
| 11:07 | Crear | Villager (Male) |
| 11:07 | Crear | Villager (Male) |
| 11:12 | Investigar | Double-Bit Axe |
| 11:27 | Crear | Galley |
| 11:27 | Crear | Galley |
| 11:56 | Construir | Blacksmith |
| 11:59 | Crear | Villager (Male) |
Build order — Envetel
61 acciones detectadas en el replay
| 0:01 | Crear | Villager (Male) ×4 |
| 0:02 | Construir | House |
| 0:05 | Construir | House |
| 0:55 | Construir | Lumber Camp |
| 1:28 | Crear | Villager (Male) |
| 1:59 | Crear | Villager (Male) |
| 2:28 | Crear | Villager (Male) |
| 2:53 | Crear | Villager (Male) |
| 2:53 | Crear | Villager (Male) |
| 3:09 | Construir | House |
| 3:19 | Crear | Villager (Male) |
| 3:20 | Crear | Villager (Male) |
| 3:50 | Crear | Villager (Male) |
| 3:50 | Crear | Villager (Male) |
| 3:53 | Construir | Dock |
| 4:19 | Crear | Villager (Male) |
| 4:20 | Crear | Villager (Male) |
| 4:34 | Crear | Fishing Ship |
| 4:34 | Crear | Fishing Ship |
| 4:42 | Crear | Villager (Male) |
| 4:42 | Crear | Villager (Male) |
| 5:04 | Crear | Villager (Male) |
| 5:14 | Crear | Fishing Ship |
| 5:17 | Construir | House |
| 5:35 | Crear | Villager (Male) |
| 5:35 | Crear | Villager (Male) |
| 5:37 | Crear | Fishing Ship |
| 6:02 | Crear | Villager (Male) |
| 6:27 | Crear | Villager (Male) |
| 6:28 | Crear | Villager (Male) |
| 6:37 | Construir | House |
| 6:46 | Construir | Dock |
| 6:50 | Crear | Fishing Ship |
| 6:56 | Crear | Villager (Male) |
| 7:12 | Crear | Fishing Ship |
| 7:17 | Crear | Villager (Male) |
| 7:32 | Crear | Fishing Ship |
| 7:32 | Crear | Fishing Ship |
| 7:33 | Crear | Villager (Male) |
| 7:52 | Construir | Lumber Camp |
| 8:04 | Construir | House |
| 8:10 | Crear | Villager (Male) |
| 8:14 | Crear | Fishing Ship |
| 8:15 | Crear | Fishing Ship |
| 8:32 | Crear | Fishing Ship |
| 8:38 | Crear | Villager (Male) |
| 8:50 | Construir | House |
| 8:54 | Crear | Villager (Male) |
| 9:13 | Crear | Fishing Ship |
| 9:14 | Crear | Fishing Ship |
| 9:19 | Construir | House |
| 9:29 | Crear | Villager (Male) |
| 9:31 | Investigar | Loom |
| 9:58 | Construir | Dock |
| 10:03 | Crear | Fishing Ship |
| 10:03 | Crear | Fishing Ship |
| 10:27 | Investigar | Feudal Age |
| 10:27 | Investigar | Feudal Age |
| 10:31 | Construir | Mill |
| 10:55 | Construir | Mining Camp |
| 11:29 | Construir | Dock |
Build order — Hansdampf
67 acciones detectadas en el replay
| 0:02 | Crear | Villager (Male) |
| 0:02 | Crear | Villager (Male) |
| 0:03 | Crear | Villager (Male) |
| 0:03 | Crear | Villager (Male) |
| 0:04 | Construir | House |
| 0:05 | Construir | House |
| 1:37 | Crear | Villager (Male) |
| 1:44 | Construir | Lumber Camp |
| 1:55 | Crear | Villager (Male) |
| 1:55 | Crear | Villager (Male) |
| 2:22 | Crear | Villager (Male) |
| 2:22 | Crear | Villager (Male) |
| 2:22 | Crear | Villager (Male) |
| 3:02 | Crear | Villager (Male) |
| 3:03 | Crear | Villager (Male) |
| 3:40 | Crear | Villager (Male) |
| 3:53 | Construir | Dock |
| 3:54 | Crear | Villager (Male) |
| 3:56 | Construir | House |
| 4:04 | Construir | House |
| 4:20 | Crear | Villager (Male) |
| 4:31 | Crear | Fishing Ship |
| 4:31 | Crear | Fishing Ship |
| 4:48 | Construir | Lumber Camp |
| 4:48 | Crear | Villager (Male) |
| 4:49 | Crear | Villager (Male) |
| 5:03 | Crear | Fishing Ship |
| 5:03 | Crear | Fishing Ship |
| 5:18 | Construir | House |
| 5:25 | Crear | Villager (Male) |
| 5:25 | Crear | Villager (Male) |
| 5:26 | Crear | Villager (Male) |
| 5:51 | Crear | Fishing Ship |
| 5:54 | Crear | Villager (Male) |
| 5:54 | Crear | Villager (Male) |
| 6:18 | Crear | Villager (Male) |
| 6:22 | Crear | Fishing Ship |
| 6:26 | Construir | House |
| 6:38 | Crear | Villager (Male) |
| 6:38 | Crear | Villager (Male) |
| 7:05 | Crear | Fishing Ship |
| 7:13 | Construir | Dock |
| 7:24 | Construir | House |
| 7:26 | Crear | Villager (Male) |
| 7:50 | Crear | Villager (Male) |
| 7:51 | Crear | Fishing Ship |
| 7:51 | Crear | Fishing Ship |
| 8:04 | Crear | Villager (Male) |
| 8:04 | Crear | Villager (Male) |
| 8:14 | Crear | Fishing Ship |
| 8:20 | Crear | Fishing Ship |
| 8:46 | Construir | House |
| 8:51 | Crear | Villager (Male) |
| 9:06 | Construir | Lumber Camp |
| 9:18 | Construir | Dock |
| 9:31 | Crear | Fishing Ship |
| 9:33 | Crear | Villager (Male) |
| 9:46 | Construir | Mining Camp |
| 9:53 | Crear | Fishing Ship |
| 10:02 | Crear | Villager (Male) |
| 10:07 | Investigar | Feudal Age |
| 10:47 | Crear | Villager (Male) |
| 10:56 | Crear | Fishing Ship |
| 11:01 | Construir | House |
| 11:20 | Crear | Fishing Ship |
| 11:24 | Crear | Fishing Ship |
| 11:29 | Crear | Fishing Ship |
Build order — LM | CoMa
34 acciones detectadas en el replay
| 0:03 | Crear | Villager (Male) |
| 0:03 | Crear | Villager (Male) |
| 0:12 | Crear | Villager (Male) |
| 0:46 | Crear | Villager (Male) |
| 1:15 | Crear | Villager (Male) |
| 1:22 | Construir | Lumber Camp |
| 1:39 | Crear | Villager (Male) |
| 2:10 | Crear | Villager (Male) |
| 2:28 | Crear | Villager (Male) |
| 3:10 | Crear | Villager (Male) |
| 3:42 | Crear | Villager (Male) |
| 4:08 | Construir | Dock |
| 4:16 | Crear | Villager (Male) |
| 4:16 | Crear | Villager (Male) |
| 4:40 | Crear | Villager (Male) |
| 5:04 | Crear | Villager (Male) |
| 5:09 | Crear | Fishing Ship |
| 5:22 | Crear | Villager (Male) |
| 5:40 | Crear | Fishing Ship |
| 6:06 | Crear | Villager (Male) |
| 6:12 | Crear | Villager (Male) |
| 6:20 | Crear | Fishing Ship |
| 6:35 | Crear | Villager (Male) |
| 7:11 | Crear | Fishing Ship |
| 7:19 | Investigar | Loom |
| 7:51 | Investigar | Feudal Age |
| 7:51 | Investigar | Feudal Age |
| 8:02 | Construir | Mining Camp |
| 8:50 | Construir | Dock |
| 9:00 | Construir | Dock |
| 9:25 | Construir | Mill |
| 9:47 | Crear | Villager (Male) |
| 9:47 | Crear | Villager (Male) |
| 10:01 | Edad | Edad Feudal |
Build order — OIDA | .#sILVER
41 acciones detectadas en el replay
| 0:01 | Crear | Villager (Male) |
| 0:01 | Crear | Villager (Male) |
| 0:02 | Construir | House |
| 0:03 | Construir | House |
| 0:19 | Crear | Villager (Male) |
| 0:35 | Crear | Villager (Male) |
| 0:56 | Construir | Lumber Camp |
| 1:09 | Crear | Villager (Male) |
| 1:53 | Crear | Villager (Male) |
| 2:21 | Crear | Villager (Male) |
| 2:54 | Crear | Villager (Male) |
| 3:11 | Construir | Dock |
| 3:14 | Crear | Villager (Male) |
| 3:45 | Crear | Villager (Male) |
| 3:49 | Construir | House |
| 4:06 | Crear | Fishing Ship |
| 4:12 | Crear | Villager (Male) |
| 4:34 | Crear | Villager (Male) |
| 4:57 | Crear | Villager (Male) |
| 5:00 | Crear | Fishing Ship |
| 5:02 | Construir | House |
| 5:16 | Crear | Villager (Male) |
| 5:45 | Crear | Fishing Ship |
| 5:45 | Crear | Fishing Ship |
| 5:56 | Crear | Villager (Male) |
| 6:09 | Crear | Villager (Male) |
| 6:23 | Construir | House |
| 6:41 | Crear | Villager (Male) |
| 6:44 | Crear | Fishing Ship |
| 7:08 | Crear | Villager (Male) |
| 7:15 | Crear | Fishing Ship |
| 7:30 | Investigar | Feudal Age |
| 8:03 | Construir | Lumber Camp |
| 8:41 | Construir | Dock |
| 8:59 | Construir | Mining Camp |
| 9:04 | Construir | House |
| 9:07 | Crear | Villager (Male) |
| 9:29 | Construir | House |
| 9:39 | Crear | Villager (Male) |
| 9:46 | Edad | Edad Feudal |
| 9:47 | Crear | Galley |
Build order — TopperHarley14
60 acciones detectadas en el replay
| 0:01 | Crear | Villager (Male) |
| 0:01 | Crear | Villager (Male) |
| 0:02 | Construir | House |
| 0:03 | Construir | House |
| 0:40 | Crear | Villager (Male) |
| 0:41 | Crear | Villager (Male) |
| 0:41 | Crear | Villager (Male) |
| 1:40 | Crear | Villager (Male) |
| 1:41 | Crear | Villager (Male) |
| 1:53 | Construir | Lumber Camp |
| 1:59 | Crear | Villager (Male) |
| 1:59 | Crear | Villager (Male) |
| 2:31 | Crear | Villager (Male) |
| 2:31 | Crear | Villager (Male) |
| 2:51 | Crear | Villager (Male) |
| 3:15 | Crear | Villager (Male) |
| 3:24 | Construir | House |
| 3:36 | Crear | Villager (Male) |
| 3:36 | Crear | Villager (Male) |
| 4:06 | Crear | Villager (Male) |
| 4:06 | Crear | Villager (Male) |
| 4:06 | Crear | Villager (Male) |
| 4:07 | Crear | Villager (Male) |
| 4:07 | Crear | Villager (Male) |
| 4:16 | Construir | Dock |
| 4:43 | Crear | Villager (Male) |
| 4:43 | Crear | Villager (Male) |
| 4:58 | Crear | Fishing Ship |
| 4:58 | Crear | Fishing Ship |
| 5:08 | Crear | Villager (Male) |
| 5:08 | Crear | Villager (Male) |
| 5:24 | Crear | Villager (Male) |
| 5:25 | Crear | Villager (Male) |
| 5:52 | Crear | Fishing Ship |
| 5:57 | Construir | House |
| 6:19 | Crear | Villager (Male) |
| 6:50 | Construir | Mill |
| 6:53 | Crear | Villager (Male) |
| 7:09 | Construir | House |
| 7:16 | Crear | Villager (Male) |
| 7:29 | Crear | Fishing Ship |
| 7:41 | Crear | Villager (Male) |
| 8:28 | Investigar | Feudal Age |
| 8:35 | Construir | Mining Camp |
| 8:39 | Construir | Mining Camp |
| 9:13 | Construir | Dock |
| 9:24 | Crear | Villager (Male) |
| 9:24 | Crear | Villager (Male) |
| 9:32 | Crear | Fishing Ship |
| 9:32 | Crear | Fishing Ship |
| 9:52 | Crear | Fishing Ship |
| 10:00 | Construir | House |
| 10:11 | Crear | Fishing Ship |
| 10:20 | Crear | Fishing Ship |
| 10:38 | Edad | Edad Feudal |
| 10:56 | Crear | Fishing Ship |
| 10:57 | Crear | Fishing Ship |
| 11:32 | Crear | Villager (Male) |
| 11:39 | Construir | Market |
| 12:02 | Construir | Blacksmith |
Build order — Peter_Pahn
71 acciones detectadas en el replay
| 0:01 | Crear | Villager (Male) |
| 0:01 | Crear | Villager (Male) |
| 0:03 | Construir | House |
| 0:04 | Construir | House |
| 0:09 | Crear | Villager (Male) |
| 0:24 | Crear | Villager (Male) |
| 1:35 | Crear | Villager (Male) |
| 1:35 | Crear | Villager (Male) |
| 1:43 | Crear | Villager (Male) |
| 1:43 | Crear | Villager (Male) |
| 1:53 | Construir | Lumber Camp |
| 2:24 | Crear | Villager (Male) |
| 2:24 | Crear | Villager (Male) |
| 2:49 | Crear | Villager (Male) |
| 2:50 | Crear | Villager (Male) |
| 3:15 | Crear | Villager (Male) |
| 3:15 | Crear | Villager (Male) |
| 3:20 | Investigar | Loom |
| 3:20 | Investigar | Loom |
| 3:30 | Construir | House |
| 3:43 | Crear | Villager (Male) |
| 3:43 | Crear | Villager (Male) |
| 3:49 | Crear | Villager (Male) |
| 3:49 | Crear | Villager (Male) |
| 3:57 | Construir | Dock |
| 4:31 | Crear | Villager (Male) |
| 4:31 | Crear | Villager (Male) |
| 4:53 | Crear | Fishing Ship |
| 4:53 | Crear | Fishing Ship |
| 4:57 | Construir | House |
| 5:15 | Crear | Villager (Male) |
| 5:16 | Crear | Villager (Male) |
| 5:16 | Crear | Villager (Male) |
| 5:23 | Construir | Lumber Camp |
| 5:31 | Crear | Villager (Male) |
| 5:57 | Crear | Fishing Ship |
| 5:57 | Crear | Villager (Male) |
| 6:22 | Construir | House |
| 6:24 | Crear | Villager (Male) |
| 6:30 | Crear | Fishing Ship |
| 6:33 | Crear | Villager (Male) |
| 7:01 | Construir | Dock |
| 7:11 | Crear | Villager (Male) |
| 7:25 | Crear | Fishing Ship |
| 7:25 | Crear | Fishing Ship |
| 7:25 | Crear | Fishing Ship |
| 7:33 | Crear | Villager (Male) |
| 7:35 | Construir | House |
| 7:52 | Crear | Fishing Ship |
| 7:52 | Crear | Fishing Ship |
| 7:54 | Crear | Villager (Male) |
| 8:04 | Crear | Fishing Ship |
| 8:04 | Crear | Fishing Ship |
| 8:06 | Crear | Villager (Male) |
| 8:11 | Construir | House |
| 8:31 | Construir | Mining Camp |
| 8:31 | Crear | Villager (Male) |
| 8:47 | Crear | Fishing Ship |
| 8:48 | Crear | Fishing Ship |
| 9:17 | Construir | Mill |
| 9:20 | Crear | Villager (Male) |
| 9:40 | Investigar | Feudal Age |
| 9:41 | Crear | Fishing Ship |
| 9:41 | Crear | Fishing Ship |
| 10:06 | Construir | Dock |
| 10:18 | Crear | Villager (Male) |
| 10:18 | Crear | Villager (Male) |
| 10:48 | Crear | Fishing Ship |
| 10:54 | Crear | Fishing Ship |
| 11:14 | Crear | Fishing Ship |
| 11:50 | Edad | Edad Feudal |
Build order — Molle
49 acciones detectadas en el replay
| 0:01 | Crear | Villager (Male) |
| 0:02 | Crear | Villager (Male) |
| 0:02 | Crear | Villager (Male) |
| 0:03 | Construir | House |
| 0:05 | Construir | House |
| 0:55 | Crear | Villager (Male) |
| 1:30 | Construir | Settlement |
| 1:42 | Crear | Villager (Male) |
| 1:42 | Crear | Villager (Male) |
| 2:06 | Crear | Villager (Male) |
| 2:33 | Crear | Villager (Male) |
| 2:33 | Crear | Villager (Male) |
| 2:55 | Crear | Villager (Male) |
| 3:20 | Crear | Villager (Male) |
| 3:47 | Construir | Dock |
| 3:49 | Crear | Villager (Male) |
| 4:13 | Crear | Villager (Male) |
| 4:26 | Crear | Fishing Ship |
| 4:40 | Crear | Villager (Male) |
| 4:58 | Construir | House |
| 5:08 | Crear | Villager (Male) |
| 5:09 | Crear | Fishing Ship |
| 5:34 | Crear | Villager (Male) |
| 5:39 | Crear | Fishing Ship |
| 5:39 | Crear | Fishing Ship |
| 6:01 | Crear | Villager (Male) |
| 6:06 | Crear | Fishing Ship |
| 6:06 | Crear | Fishing Ship |
| 6:17 | Crear | Villager (Male) |
| 6:38 | Construir | House |
| 6:41 | Crear | Fishing Ship |
| 6:43 | Crear | Villager (Male) |
| 7:03 | Crear | Villager (Male) |
| 7:26 | Construir | Settlement |
| 7:30 | Crear | Villager (Male) |
| 7:50 | Crear | Fishing Ship |
| 8:10 | Crear | Villager (Male) |
| 8:29 | Crear | Fishing Ship |
| 8:30 | Crear | Villager (Male) |
| 8:54 | Construir | Settlement |
| 8:58 | Construir | Settlement |
| 9:04 | Investigar | Feudal Age |
| 9:35 | Crear | Fishing Ship |
| 9:55 | Construir | Dock |
| 10:50 | Crear | Villager (Male) |
| 11:14 | Edad | Edad Feudal |
| 11:15 | Construir | Market |
| 11:17 | Construir | Blacksmith |
| 11:45 | Crear | Villager (Male) |
Cronología de la partida
| 3:11 | OIDA | .#sILVER · first_building Dock |
| 3:47 | Molle · first_building Dock |
| 3:49 | Buzzplash · first_building Dock |
| 3:53 | Envetel · first_building Dock |
| 3:53 | Hansdampf · first_building Dock |
| 3:57 | Peter_Pahn · first_building Dock |
| 4:08 | LM | CoMa · first_building Dock |
| 4:16 | TopperHarley14 · first_building Dock |
| 9:46 | OIDA | .#sILVER · age_up feudal |
| 10:01 | LM | CoMa · age_up feudal |
| 10:38 | TopperHarley14 · age_up feudal |
| 10:38 | Buzzplash · age_up feudal |
| 11:14 | Molle · age_up feudal |
| 11:30 | OIDA | .#sILVER · resign |
| 11:50 | Peter_Pahn · age_up feudal |
[ ANÁLISIS IA · 1 CRÉDITO ]
¿Qué pasó realmente en esta partida?
Wolo.gg analiza cada decisión: build order, eco, micro, errores típicos por bracket. Análisis personalizado por WhatsApp o Discord en 30 segundos.
Guía civ
Polacos
Perfil
Buzzplash